 Dungeon Crawl Stone Soup version 0.30-a0-782-ge64f9170bb (webtiles) character file.

Game seed: 13571927298634422258

893 theswoord the Skirmisher (level 7, -14/38 HPs)
             Began as a Deep Elf Hunter on Feb 23, 2023.
             Killed from afar by Maggie (34 damage)
             ... with a bolt of fire
             ... on level 6 of the Dungeon.
             The game lasted 00:07:48 (4030 turns).

theswoord the Skirmisher (Deep Elf Hunter)          Turns: 4030, Time: 00:07:49

Health: -14/38     AC:  7    Str:  8    XL:     7   Next: 78%
Magic:  9/9        EV: 12    Int: 14    God:
Gold:   222        SH:  0    Dex: 20    Spells: 3/6 levels left

rFire   . . .      SeeInvis .    a - +1 shortbow
rCold   . . .      Faith    .    (shield currently unavailable)
rNeg    . . .      Spirit   .    c - +0 leather armour
rPois   .          Reflect  .    r - +2 helmet
rElec   .          Harm     .    (no cloak)
rCorr   .          Rampage  .    t - +0 pair of gloves
Will    .....                    (no boots)
Stlth   ++                       (no amulet)
HPRegen 0.26/turn                (no ring)
MPRegen 0.11/turn                (no ring)

@: mesmerised
A: no striking features
a: no special abilities


You were on level 6 of the Dungeon.
You visited 1 branch of the dungeon, and saw 6 of its levels.

You collected 222 gold pieces.

Inventory:

Hand Weapons
 a - a +1 shortbow (weapon)
 j - the +0 dagger of Taoczogg {protect, rF+ rN+}
   (You found it on level 2 of the Dungeon)

   rF:        It protects you from fire.
   rN:        It protects you from negative energy.
 o - a +0 whip
Armour
 c - a +0 leather armour (worn)
 g - a scarf of harm
 i - a +1 helmet
 r - a +2 helmet (worn)
 t - a +0 pair of gloves (worn)
Jewellery
 l - a ring of fire
Wands
 n - a wand of roots (4)
 x - a wand of charming (8)
Scrolls
 b - 3 scrolls of immolation
 d - 4 scrolls of identify
 q - 2 scrolls of enchant weapon
 s - 3 scrolls of teleportation
 u - a scroll of fear
Potions
 e - a potion of cancellation
 f - a potion of lignification
 h - 2 potions of attraction
 k - a potion of heal wounds
 m - 3 potions of flight
 p - a potion of ambrosia
 w - 2 potions of curing
 z - a potion of brilliance


   Skills:
 - Level 1.5 Fighting
 + Level 11.7 Ranged Weapons
 - Level 2.4 Dodging
 - Level 1.2 Stealth
 + Level 3.8 Transmutations


You had 3 spell levels left.
You knew the following spells:

 Your Spells              Type           Power      Damage    Failure   Level
a - Summon Small Mammal   Summ           0%         N/A       38%         1
b - Wereblood             Tmut           10%        N/A       13%         2

Your spell library contained the following spells:

 Spells                   Type           Power      Damage    Failure   Level
 Beastly Appendage        Tmut           20%        N/A       9%          1
 Freeze                   Ice            0%         1d3       38%         1
 Spider Form              Tmut/Pois      5%         N/A       50%         3
 Cigotuvi's Dreadful Rot  Necr/Pois/Air  0%         N/A       54%         2
 Call Canine Familiar     Summ           0%         N/A       77%         3
 Portal Projectile        Hex/Tloc       0%         N/A       77%         3
 Summon Guardian Golem    Hex/Summ       0%         N/A       77%         3
 Animate Dead             Necr           0%         N/A       99%         4
 Leda's Liquefaction      Hex/Erth       0%         N/A       99%         4
 Borgnjor's Vile Clutch   Necr/Erth      0%         N/A       100%        5
 Death Channel            Necr           0%         N/A       100%        6
 Simulacrum               Ice/Necr       0%         N/A       100%        6
 Borgnjor's Revivificati  Necr           0%         N/A       100%        8


Dungeon Overview and Level Annotations

Branches:
Dungeon (6/15)             Temple (0/1) D:6

Altars:
Ashenzari
Uskayaw

Annotations:
D:6 Maggie


Message History

You feel aware of your surroundings.
You sensed 3 altars, and 1 shop/portal.
You open the door.
A hound comes into view.
You shoot an arrow. The arrow hits the hound.
The hound barks!
You shoot an arrow. The arrow hits the hound.
You shoot an arrow. The arrow hits the hound!
The hound barely misses you.
You shoot an arrow.
The arrow hits the hound but does no damage.
The hound bites you but does no damage.
You shoot an arrow.
The arrow hits the hound but does no damage.
The hound bites you but does no damage. The hound bites you.
You shoot an arrow. The arrow hits the hound!
You kill the hound!
No target in view!
Okay, then.
There is an open door here.
You see here a hound corpse.
You open the door.
Found an emerald potion.
Maggie the Vainglorious comes into view.
She is wielding a +0 broad axe and carrying a wand of mindburst (13).
There is an open door here.
Aim: Maggie, wielding a +0 broad axe, wearing +0 steam dragon scales and carrying a wand of mindburst (13)
The roots erupt in riotous growth!
Roots grab Maggie.
The grasping roots constrict Maggie.
Maggie gestures wildly while chanting.
Maggie attempts to bespell you!
You are mesmerised by Maggie!
You shoot an arrow. The arrow hits Maggie!
The grasping roots constrict Maggie.
Maggie zaps a wand.
You struggle to resist.
You shoot an arrow. The arrow hits Maggie.
The grasping roots constrict Maggie.
The roots release their grip on Maggie.
Maggie zaps a wand.
Your mind is blasted!
You shoot an arrow. The arrow hits Maggie!
Maggie casts a spell at you. The bolt of fire hits you!!
Ouch! That really hurt!
You die...

** ********* ,*****
*********##,,,,,,,* *** ,+,,,*
*,,,,,,,..#,,,,,,,* *,, ,*,,,*
*,,,,,,,..#,,,,,,,* *,, ,*,,,*
*,,,,,,,..#,,,,,,,* *,,
,***************#.#,,,,,,,* *,*
***,,,,,,,,,***##.#####+### *,,
,,+,,,,,,,,,+,,#!.....#...# *,,
,,*,,,,,,,,,*,,#@.@...#...# *,,
*,**,***,,,,***##...###..######,,
*****,,*,,,,,,,,##'####......<##+
,,***,,**,,,,,,,#...#............
*,,,**,**,,,,,,,#...†............
,*,*,**,*,,,,,,,#...#............
,,,,**,**,,,,,,,#...#............
*,,**,***,,,,,,,#########.####+##
,,,,**,,****,,,,,,,,* ###*,,,,,


You could see Maggie (mesmerising).

Vanquished Creatures
  2 ogres (D:4)
  A phantom (D:4)
  2 scorpions (D:5)
  A howler monkey (D:5)
  A jelly (D:4)
  4 hounds
  3 iguanas
  Jessica (D:3)
  Robin (D:4)
  8 adders
  A white imp (D:5)
  An ufetubus (D:5)
  4 worms
  3 dart slugs
  6 orcs
  5 ball pythons
  7 endoplasms
  4 giant cockroaches
  18 goblins
  7 hobgoblins
  3 jackals (D:2)
  6 kobolds
  3 quokkas
  9 bats
  19 frilled lizards
  9 rats
129 creatures vanquished.

Vanquished Creatures (others)
  2 fungi (D:3)
  4 plants (D:5)
6 creatures vanquished.

Grand Total: 135 creatures vanquished

Notes
Turn   | Place    | Note
-------+----------+-------------------------------------------
     0 | D:1      | theswoord the Deep Elf Hunter began the quest for the Orb.
     0 | D:1      | Reached XP level 1. HP: 12/12 MP: 3/3
   137 | D:1      | Reached XP level 2. HP: 16/16 MP: 4/4
   150 | D:1      | Reached skill level 6 in Ranged Weapons
   398 | D:1      | Learned a level 1 spell: Summon Small Mammal
   524 | D:2      | Reached XP level 3. HP: 20/20 MP: 5/5
   667 | D:2      | Reached skill level 7 in Ranged Weapons
   805 | D:2      | Identified the +0 dagger of Taoczogg {protect, rF+ rN+}
   865 | D:2      | Reached XP level 4. HP: 25/25 MP: 6/6
  1380 | D:3      | Reached skill level 8 in Ranged Weapons
  1399 | D:3      | Noticed Jessica
  1412 | D:3      | Killed Jessica
  1523 | D:3      | Reached XP level 5. HP: 29/29 MP: 7/7
  1555 | D:3      | Found a hide-covered altar of Uskayaw.
  1713 | D:3      | Found a faded altar of an unknown god.
  1722 | D:3      | Got Plato's Catalogue of the Tundra
  2156 | D:4      | Reached skill level 9 in Ranged Weapons
  2235 | D:4      | Noticed an ogre
  2242 | D:4      | Killed an ogre
  2243 | D:4      | Reached XP level 6. HP: 34/34 MP: 8/8
  2388 | D:4      | Noticed Robin
  2418 | D:4      | Killed Robin
  2419 | D:4      | Reached skill level 10 in Ranged Weapons
  2628 | D:4      | Learned a level 2 spell: Wereblood
  2631 | D:4      | Found a broken altar of Ashenzari.
  2736 | D:4      | Reached skill level 1 in Transmutations
  2736 | D:4      | Reached XP level 7. HP: 32/38 MP: 9/9
  2796 | D:4      | Reached skill level 11 in Ranged Weapons
  2798 | D:4      | Got the Guidebook on Zombies
  3148 | D:5      | Entered Level 5 of the Dungeon
  4024 | D:6      | Noticed Maggie
  4030 | D:6      | Killed from afar by Maggie

Skill      XL: |  1  2  3  4  5  6  7 |
---------------+----------------------+-----
Ranged Weapons | 6 7 8 9 10 11 | 11.7
Transmutations | 1 3 |  3.8
Fighting       | |  1.5
Dodging        | |  2.4
Stealth        | |  1.2

Action                     |  1- 3 |  4- 6 |  7- 9 || total
---------------------------+-------+-------+-------++-------
   Fire: Shortbow          |    97 |   181 |    97 ||   375
   Cast: Summon Small Mamm |       |     1 |       ||     1
         Wereblood         |       |       |     1 ||     1
  Evoke: Wand              |       |     1 |     1 ||     2
    Use: Scroll            |     3 |     7 |     7 ||    17
         Potion            |       |     1 |       ||     1
 Armour: Leather armour    |     5 |    14 |    19 ||    38
         Skin              |       |    38 |       ||    38
  Dodge: Dodged            |     9 |    44 |    49 ||   102

Levels and vault maps discovered:
D:1:      dpeg_arrival_stone_temple_mockup, layout_basic, serial_bayou_pond_d,
          minmay_lizard_pond
D:2:      layout_basic
D:3:      layout_basic, mainiacjoe_overflow_surrounded_room,
          shapermc_ecumenical_altar_rom_forum, uniq_jessica
D:4:      layout_basic, kennysheep_mini, hangedman_decor_lopped, uniq_robin
D:5:      layout_rooms, eino_tiny_chamber, minmay_lizard_king
D:6:      wander_guarded_unrand_ratskin, layout_gridville,
          nicolae_qazlal_eye_of_the_storm, nicolae_overflow_hidden_temple,
          nicolae_dithmenos_through_a_glass_darkly,
          minmay_temple_entry_purple_smoke, portal_sewer_entry_d, uniq_maggie
